 Dungeon Crawl Stone Soup version 0.20-a0-217-g17e8ceb (webtiles) character file.

785 Lochraine the Charmwright (level 7, -7/45 HPs)
             Began as a Merfolk Skald on Nov 28, 2016.
             Was a Follower of Hepliaklqana.
             Killed by divine providence
             ... invoked by an orc priest
              (8 damage)
             ... on level 5 of the Dungeon.
             The game lasted 00:14:50 (4820 turns).

Lochraine the Charmwright (Merfolk Skald)           Turns: 4820, Time: 00:14:51

Health: -7/45      AC: 12    Str: 13    XL:     7   Next: 86%
Magic:  0/13       EV: 13    Int: 19    God:    Hepliaklqana [*.....]
Gold:   157        SH:  4    Dex: 17    Spells: 6/14 levels left

rFire  + . .     SeeInvis .     t - +2 whip (vamp)
rCold  . . .     Gourm    .     i - +3 ring mail {rF+}
rNeg   . . .     Faith    .     n - +0 buckler
rPois  .         Spirit   +     q - +0 helmet
rElec  .         Reflect  .     (no cloak)
rCorr  .         Harm     .     j - +0 pair of gloves
MR     .....                    (no boots)
Stlth  +.........               m - amulet of guardian spirit
                                p - +3 ring of evasion
                                g - +6 ring of intelligence

@: no status effects
A: change form in water, swift swim, stealthy swim, reduced essence, icy blue
scales 1, agile 2
a: Recall Ancestor, Ancestor Identity, Renounce Religion


You were on level 5 of the Dungeon.
You worshipped Hepliaklqana.
Hepliaklqana was aware of your devotion.
You were not hungry.

You visited 2 branches of the dungeon, and saw 6 of its levels.

You collected 157 gold pieces.

Inventory:

Hand Weapons
 a - a +0 spear
 t - a +2 vampiric whip (weapon)
 B - a +0 trident
Armour
 b - a +0 leather armour
 i - a +3 ring mail of fire resistance (worn)
 j - a +0 pair of gloves (worn)
 n - a +0 buckler (worn)
 q - a +0 helmet (worn)
 s - a +2 ring mail of fire resistance
Jewellery
 g - a +6 ring of intelligence (left hand)
 m - an amulet of guardian spirit (around neck)
 p - a +3 ring of evasion (right hand)
Wands
 x - a wand of teleportation (1/9)
 y - a wand of slowing (26/48)
Scrolls
 e - 3 scrolls of remove curse
 f - 9 scrolls of recharging
 r - 2 scrolls of identify
 w - a scroll of enchant weapon
 A - a scroll of noise {unknown}
Potions
 l - a potion of berserk rage
 o - 2 potions of lignification
Books
 c - a book of Battle

   Spells                             Type                      Level
   a - Infusion                       Charms                       1
   b - Shroud of Golubria             Charms/Translocation         2
   c - Song of Slaying                Charms                       2
   d - Spectral Weapon                Hexes/Charms                 3
   e - Regeneration                   Charms/Necromancy            3
Miscellaneous
 C - a fan of gales
Comestibles
 d - 3 bread rations
 h - a meat ration
 z - 2 chunks of flesh
 D - a beef jerky


   Skills:
 - Level 2.1 Fighting
 - Level 5.8 Polearms
 - Level 0.6 Armour
 - Level 1.3 Dodging
 - Level 0.4 Shields
 + Level 4.0 Spellcasting
 + Level 3.2 Hexes
 + Level 6.2 Charms
 - Level 1.8 Translocations


You had 6 spell levels left.
You knew the following spells:

 Your Spells              Type           Power        Failure   Level  Hunger
a - Infusion              Chrm           ####         4%          1    None
b - Song of Slaying       Chrm           ####....     8%          2    ##.....
c - Shroud of Golubria    Chrm/Tloc      ###.......   14%         2    ##.....
d - Spectral Weapon       Hex/Chrm       ###.....     21%         3    ###....


Dungeon Overview and Level Annotations

Branches:
Dungeon (5/15)             Temple (1/1) D:4

Altars:
Cheibriados
Dithmenos
Elyvilon
Fedhas
Gozag
Hepliaklqana
Kikubaaqudgha
Makhleb
Nemelex Xobeh
Okawaru
Qazlal
Ru
Sif Muna
Trog
Uskayaw
Xom
Yredelemnul
Zin


Innate Abilities, Weirdness & Mutations

You revert to your normal form in water.
You are very nimble and swift while swimming.
You are very stealthy in the water. (Stealth+)
Your life essence is reduced. (-10% HP)
You are partially covered in icy blue scales. (AC +2)
You are very agile. (Dex +4)


Message History

You are too injured to fight recklessly!
You are too injured to fight recklessly!
The centaur zombie hits you but does no damage.
The orc priest calls down the wrath of Beogh upon you.
Beogh smites you!
* * * LOW HITPOINT WARNING * * *
Nenetl hits the centaur zombie.
The centaur zombie barely misses you.
You whack the centaur zombie!
The centaur zombie is moderately damaged.
Nenetl hits the centaur zombie.
The hound zombie closely misses you.
The centaur zombie hits Nenetl.
Nenetl is destroyed!
The hound zombie misses you.
The orc priest mumbles some strange prayers to Beogh against you.
Beogh smites you!
* * * LOW HITPOINT WARNING * * *
The centaur zombie barely misses you.
The orc priest calls down the wrath of Beogh upon you.
Beogh smites you!
You die...

##.....##o. #.#
.......... ..#
.......o. ..#
#..._...## #..#
.........##...#
........o.....#
##.....##ZZ...#
#..#.. ##..###
#.. ##. #@.# ..
#......# #
#.......#
.....#####
..... ####


You could see an orc warrior, an orc priest, a hound zombie and a centaur
zombie.

Vanquished Creatures
  A phantom (D:5)
  A sky beast (D:5)
  A crimson imp (D:5)
  A hound (D:5)
  A bullfrog skeleton (D:3)
  Terence (D:2)
  A worker ant (D:5)
  A gnoll (D:3)
  7 adders
  3 oozes
  3 worms (D:2)
  4 leopard geckos
  5 orcs
  8 giant cockroaches
  6 goblins
  8 hobgoblins
  3 jackals (D:3)
  7 kobolds
  2 quokkas
  A ball python (D:3)
  6 bats
  7 frilled lizards
  A jackal skeleton (D:4)
  A quokka zombie (D:5)
  5 rats
85 creatures vanquished.

Vanquished Creatures (collateral kills)
  A sky beast (D:5)
  A bullfrog zombie (D:5)
  A centaur zombie (D:5)
  An orc priest (D:5)
  A centaur skeleton (D:5)
  An orc wizard (D:5)
  Jessica (D:3)
  A gnoll (D:3)
  An adder (D:5)
  A shadow imp (D:5)
  An adder skeleton (D:5)
  An adder zombie (D:5)
  2 orcs (D:5)
  A leopard gecko zombie (D:5)
15 creatures vanquished.

Vanquished Creatures (others)
  2 ancestors (D:5)
2 creatures vanquished.

Grand Total: 102 creatures vanquished

Notes
Turn   | Place    | Note
-------+----------+-------------------------------------------
     0 | D:1      | Lochraine the Merfolk Skald began the quest for the Orb.
     0 | D:1      | Reached XP level 1. HP: 16/16 MP: 3/3
   295 | D:1      | Reached XP level 2. HP: 11/22 MP: 5/5
   413 | D:1      | Learned a level 2 spell: Song of Slaying
  1099 | D:2      | Reached skill level 4 in Charms
  1111 | D:2      | Reached XP level 3. HP: 27/27 MP: 0/6
  1150 | D:2      | Learned a level 2 spell: Shroud of Golubria
  1227 | D:2      | Found a blossoming altar of Fedhas.
  1227 | D:2      | Noticed Terence
  1309 | D:2      | Killed Terence
  1309 | D:2      | Reached XP level 4. HP: 10/33 MP: 5/7
  1769 | D:2      | Reached skill level 5 in Polearms
  1769 | D:2      | Reached skill level 1 in Translocations
  1980 | D:2      | Found a faded altar of an unknown god.
  2289 | D:3      | Reached XP level 5. HP: 33/38 MP: 6/8
  3134 | D:3      | Noticed Jessica
  3137 | D:3      | Gained mutation: You are partially covered in icy blue scales. (AC +2) [potion of mutation]
  3137 | D:3      | Gained mutation: You are agile. (Dex +2) [potion of mutation]
  3137 | D:3      | Gained mutation: You are very agile. (Dex +4) [potion of mutation]
  3409 | D:4      | Found a staircase to the Ecumenical Temple.
  3421 | Temple   | Entered the Ecumenical Temple
  3620 | Temple   | Became a worshipper of Hepliaklqana the Forgotten
  3707 | D:4      | Learned a level 3 spell: Spectral Weapon
  3816 | D:4      | Found a bloodstained altar of Trog.
  3910 | D:4      | Noticed an ogre
  3916 | D:4      | Noticed an ogre
  3966 | D:3      | Killed Jessica
  3966 | D:3      | Reached XP level 6. HP: 34/39 MP: 6/9
  4131 | D:5      | Entered Level 5 of the Dungeon
  4192 | D:5      | Reached skill level 5 in Charms
  4197 | D:5      | Reached skill level 1 in Hexes
  4302 | D:5      | Reached * piety under Hepliaklqana
  4332 | D:5      | Noticed a sky beast
  4332 | D:5      | Noticed a sky beast
  4344 | D:5      | Killed a sky beast
  4402 | D:5      | Killed a sky beast
  4402 | D:5      | Reached XP level 7. HP: 40/45 MP: 9/11
  4487 | D:5      | Reached skill level 6 in Charms
  4759 | D:5      | Found a shadowy altar of Dithmenos.
  4819 | D:5      | HP: 1/45 [orc priest/divine providence (9)]
  4820 | D:5      | Killed from afar by an orc priest

Vault maps used:
D:1:      roderic_crossed_star, kennysheep_small_spiral, minivault_4,
          serial_bayou_pond_e
D:2:      lemuel_round_altar, first_bread, chequers_ecumenical_altar_lobes,
          uniq_terence
D:3:      uniq_jessica
D:4:      kennysheep_mini, minmay_misc_feat_columns
D:5:      kennysheep_windowed_halls, nicolae_dithmenos_shadow_blocks,
          serial_shops, nicolae_shop_trees, item_on_display_a
Temple:   regret_index_temple_generic_petals

Skill      XL: |  1  2  3  4  5  6  7 |
---------------+----------------------+-----
Charms         | 4 5 6 |  6.2
Polearms       | 4 5 |  5.8
Translocations | 1 |  1.8
Hexes          | 2 3 |  3.2
Spellcasting   | 3 4 |  4.0
Fighting       | |  2.1
Armour         | |  0.6
Dodging        | |  1.3
Shields        | |  0.4

Action                   |  1- 3 |  4- 6 |  7- 9 || total
-------------------------+-------+-------+-------++-------
Melee: Spear             |   139 |   139 |       ||   278
       Whip              |       |   127 |   111 ||   238
 Cast: Infusion          |     6 |     7 |       ||    13
       Song of Slaying   |     1 |       |       ||     1
       Shroud of Golubri |       |     1 |       ||     1
Evoke: Wand              |       |       |     1 ||     1
  Use: Scroll            |     5 |     5 |     2 ||    12
       Potion            |     2 |     4 |     2 ||     8
 Stab: Sleeping          |     2 |       |       ||     2
       Invisible         |     3 |       |       ||     3
  Eat: Chunk             |     1 |    10 |     2 ||    13
       Meat ration       |       |     1 |       ||     1
Armor: Leather armour    |    23 |    32 |       ||    55
       Skin              |       |    94 |       ||    94
       Ring mail         |       |    35 |    41 ||    76
Dodge: Dodged            |    55 |    82 |    80 ||   217
Block: Buckler           |    13 |    45 |    15 ||    73
